 Dungeon Crawl Stone Soup version 0.29-a0-334-gb41bcbb86e (webtiles) character file.

Game seed: 7347318107047631993

1141 kevlar127 the Ruffian (level 8, -10/80 HPs)
             Began as a Troll Berserker on Apr 14, 2022.
             Was a Follower of Trog.
             Killed from afar by a starcursed mass (13 damage)
             ... with an accursed screaming
             ... on level 1 of the Abyss.
             The game lasted 01:27:40 (10221 turns).

kevlar127 the Ruffian (Troll Berserker)            Turns: 10221, Time: 01:27:41

Health: -10/80     AC:  6    Str: 34    XL:     8   Next: 14%
Magic:  7/7        EV: 10    Int:  3    God:    Trog [*.....]
Gold:   279        SH:  0    Dex:  9    Spells: 7/7 levels left

rFire   . . .      SeeInvis .     - Unarmed
rCold   . . .      Faith    .   (no shield)
rNeg    . . .      Spirit   .   a - +0 animal skin
rPois   .          Reflect  .   (helmet restricted)
rElec   .          Harm     .   (no cloak)
rCorr   .          Rampage  .   (gloves unavailable)
Will    +....                   (boots unavailable)
Stlth   +.........              (no amulet)
HPRegen 1.03/turn               k - ring of willpower
MPRegen 0.10/turn               w - +6 ring of strength

@: about to teleport, on berserk cooldown, slowed, very slow
A: large, unfitting armour, claws 3, regeneration 1, shaggy fur 1, tough skin 1,
iridescent scales 1
a: Renounce Religion, Berserk


You were on level 1 of the Abyss.
You worshipped Trog.
Trog was aware of your devotion.
You visited 1 branch of the dungeon, and saw 4 of its levels.
You visited the Abyss 1 time.

You collected 279 gold pieces.

Inventory:

Hand Weapons
 x - a +3 short sword of distortion
 A - a +2 vorpal scythe
Missiles
 b - 142 stones (quivered)
 h - 8 boomerangs
Armour
 a - a +0 animal skin (worn)
 d - a +0 buckler
 m - a +0 robe
 B - the +3 scale mail of Magic {rC+ rN+ Int+2}
   (You found it on level 4 of the Dungeon)

   Int:       It affects your intelligence (+2).
   rC:        It protects you from cold.
   rN:        It protects you from negative energy.
Jewellery
 k - a ring of willpower (left claw)
 w - a +6 ring of strength (right claw)
Wands
 q - a wand of flame (17)
 y - a wand of mindburst (11)
Scrolls
 e - a scroll of identify
 g - 5 scrolls of teleportation
 i - a scroll of noise {unknown}
 l - a scroll of vulnerability {unknown}
 o - a scroll of brand weapon {unknown}
 r - 2 scrolls of fear
 s - a scroll of amnesia {unknown}
 u - a scroll of enchant weapon {unknown}
 v - a scroll of enchant armour {unknown}
Potions
 c - 2 potions of cancellation
 f - a potion of might {unknown}
 j - 3 potions of curing
 n - a potion of brilliance
 p - 2 potions of mutation
 t - a potion of invisibility
 z - a potion of attraction {unknown}
 C - 2 potions of flight {unknown}
 D - a potion of haste


   Skills:
 + Level 5.1 Fighting
 + Level 4.6 Throwing
 + Level 3.3 Dodging
 + Level 6.1 Unarmed Combat


You had 7 spell levels left.
You didn't know any spells.
Your spell library contained the following spells:

 Spells                   Type           Power      Damage    Failure   Level
 Ensorcelled Hibernation  Hex/Ice        0%         N/A       67%         2
 Confusing Touch          Hex            0%         N/A       88%         3
 Spider Form              Tmut/Pois      0%         N/A       88%         3
 Anguish                  Hex/Necr       0%         N/A       99%         4
 Yara's Violent Unravell  Hex/Tmut       0%         3d3       100%        5
 Enfeeble                 Hex            0%         N/A       100%        7


Dungeon Overview and Level Annotations

Branches:
Dungeon (4/15)             Temple (0/1) D:4

Altars:
Hepliaklqana

Shops:
D:3 *

Portals:
Abyss: D:3

Annotations:
D:3 Cecur's ghost, amateur OpTm
D:4 2 transporters, rageheart7's ghost, amateur VSAK


Innate Abilities, Weirdness & Mutations

You are too large for most types of armour.
You have claws for hands.
Your natural rate of healing is unusually fast.
You are covered in fur. (AC +1)
You have tough skin. (AC +1)
You are partially covered in iridescent scales. (AC +2)


Message History

Press: ? - help, Q - select action, (/) - cycle Shift-Dir - straight line, f - large abomination
Aim: a large abomination (70% to hit)
You throw a stone. The stone hits the large abomination.
The large abomination is lightly damaged.
Throw: 143 stones
Press: ? - help, Q - select action, (/) - cycle Shift-Dir - straight line, f/p - large abomination
Aim: a large abomination (lightly damaged, 70% to hit)
You throw a stone.
The stone hits the large abomination but does no damage.
The large abomination is lightly damaged.
You claw the large abomination!
The large abomination is moderately damaged.
The large abomination hits you!!
A red film seems to cover your vision as you go berserk!
You feel yourself moving faster!
You feel mighty! The large abomination hits you!!
You scratch the large abomination.
The large abomination is moderately damaged.
You barely miss the large abomination.
The large abomination is moderately damaged.
The large abomination hits you!!
* * * LOW HITPOINT WARNING * * *
A starcursed mass splits.
You feel a strong urge to attack something.
A chorus of shrieks assaults your mind.
* * * LOW HITPOINT WARNING * * *
You are too berserk!
You feel your anger nearly subside.
You are no longer berserk.
You are exhausted.
You feel yourself slow down.
As you read the scroll of teleportation, it crumbles to dust.
You feel strangely unstable.
You feel the power of the Abyss delaying your translocation!
A starcursed mass splits. x2
The starcursed mass touches you!
* * * LOW HITPOINT WARNING * * *
The large abomination barely misses you.
The large abomination barely misses you.
A deafening chorus of shrieks assaults your mind!
You die...

... . . .
#.##.##..#...#
###..#..#...#.......#
§# .#.##. ##§.§.....#
.§# #.
###..###.#.....##...
.. .#..###X.X((..#.# .
.# #.§....#.....##
.............X....##..
............XXX.....#
##
#####.####X@..#..#..
..........## ...
............# #
...............
####+###......##
#....... #.....#.#
#....####


You could see 6 starcursed masses and a large abomination.

Vanquished Creatures
  A toenail golem (D:3)
  Sigmund (D:4)
  3 small abominations
  A necrophage (D:4)
  A scorpion (D:4)
  3 hounds (D:4)
  Terence (D:2)
  Natasha (thrice) (D:2)
  3 orc wizards (D:4)
  3 adders
  A white imp (D:3)
  An ufetubus (D:3)
  3 worms (D:2)
  3 dart slugs (D:4)
  11 orcs (D:4)
  11 endoplasms
  3 giant cockroaches
  3 goblins
  10 hobgoblins
  4 quokkas
  6 ball pythons
  5 bats
  5 kobolds
  3 rats
89 creatures vanquished.

Vanquished Creatures (others)
  6 plants (D:4)
6 creatures vanquished.

Grand Total: 95 creatures vanquished

Notes
Turn   | Place    | Note
-------+----------+-------------------------------------------
     0 | D:1      | kevlar127 the Troll Berserker began the quest for the Orb.
     0 | D:1      | Reached XP level 1. HP: 22/22 MP: 0/0
  1205 | D:1      | Found a faded altar of an unknown god.
  1357 | D:1      | Reached XP level 2. HP: 29/29 MP: 1/1
  2327 | D:2      | Reached skill level 1 in Throwing
  2680 | D:2      | Noticed Terence
  2689 | D:2      | Killed Terence
  2690 | D:2      | Reached XP level 3. HP: 37/37 MP: 2/2
  2946 | D:2      | Found a hazy altar of Hepliaklqana.
  3738 | D:2      | Noticed Natasha
  3748 | D:2      | Killed Natasha
  3749 | D:2      | Reached XP level 4. HP: 45/45 MP: 3/3
  4609 | D:2      | Noticed Natasha
  4619 | D:2      | Killed Natasha
  4620 | D:2      | Reached skill level 4 in Unarmed Combat
  4837 | D:2      | Noticed Natasha
  4853 | D:2      | Killed Natasha
  4854 | D:2      | Reached XP level 5. HP: 42/53 MP: 4/4
  5757 | D:3      | Found a transporter.
  5763 | D:3      | Found a one-way gate to the infinite horrors of the Abyss.
  5763 | D:3      | Noticed Cecur's ghost (amateur OpTm)
  5792 | D:3      | Noticed a toenail golem
  6087 | D:3      | Found Ugaeghy's General Store.
  6897 | D:3      | Found a transporter.
  7704 | D:3      | Reached XP level 6. HP: 62/62 MP: 5/5
  7718 | D:3      | Gained mutation: You are partially covered in iridescent
                  | scales. (AC +2) [potion of mutation]
  8029 | D:3      | Killed a toenail golem
  8030 | D:3      | Reached skill level 5 in Unarmed Combat
  8030 | D:3      | Reached XP level 7. HP: 71/71 MP: 6/6
  9239 | D:4      | Noticed Sigmund
  9248 | D:4      | Killed Sigmund
  9249 | D:4      | Reached skill level 6 in Unarmed Combat
  9249 | D:4      | Reached XP level 8. HP: 79/79 MP: 7/7
  9252 | D:4      | Reached skill level 5 in Fighting
  9308 | D:4      | Identified the +3 scale mail of Magic {rC+ rN+ Int+2}
  9329 | D:4      | Found a hazy altar of Hepliaklqana.
  9422 | D:4      | Found a transporter.
  9422 | D:4      | Found a transporter.
  9451 | D:4      | Noticed rageheart7's ghost (amateur VSAK)
  9913 | D:4      | Found a staircase to the Ecumenical Temple.
 10123 | D:3      | Voluntarily entered the Abyss.
 10201 | Abyss:1  | Noticed a starcursed mass
 10206 | Abyss:1  | Noticed a large abomination
 10220 | Abyss:1  | HP: 1/80 [starcursed mass (12)]
 10221 | Abyss:1  | Killed from afar by a starcursed mass

Illustrated notes

Levels and vault maps discovered:
D:1:      dpeg_arrival_leaves_temple_mockup, layout_loops_ring,
          nicolae_ecumenical_snake_handling
D:2:      layout_basic, basic_altar, uniq_natasha, uniq_terence
D:3:      layout_basic, serial_shops, nicolae_shop_advertising_works
          [nicolae_subvault_shop_adworks], gammafunk_ghost_abyssal_escape,
          st_stairs_13
D:4:      layout_loops_ring, mainiacjoe_overflow_small_starburst,
          minmay_temple_entry_purple_smoke, gammafunk_ghost_gnarly_gnolls,
          minmay_misc_feat_diagonals, uniq_sigmund
Abyss:1:  base: Temple, evilmike_abyss_exit_3, evilmike_abyss_exit_3

Skill      XL: |  1  2  3  4  5  6  7  8 |
---------------+-------------------------+-----
Throwing       | 1 2 3 4 |  4.6
Fighting       | 3 4 5 |  5.1
Unarmed Combat | 4 5 6 |  6.1
Dodging        | 3 |  3.3

Action                   |  1- 3 |  4- 6 |  7- 9 || total
-------------------------+-------+-------+-------++-------
Melee: Unarmed           |    39 |    79 |    61 ||   179
       Punch             |     1 |     2 |     1 ||     4
Throw: Stone             |    56 |    44 |    31 ||   131
Invok: Berserk           |     9 |     6 |     6 ||    21
  Use: Potion            |       |     2 |       ||     2
       Scroll            |       |     1 |     7 ||     8
 Stab: Sleeping          |       |     1 |       ||     1
Armor: Animal skin       |    11 |    29 |    15 ||    55
       Robe              |     1 |     1 |       ||     2
Dodge: Dodged            |    11 |    38 |    27 ||    76

Table legend: (Time is in decaauts)
 A = Elapsed time spent in this place.
 B = Non-inter-level travel time spent in this place.
 C = Inter-level travel time spent in this place.
 D = Time resting spent in this place.
 E = Time spent auto-exploring this place.
 F = Levels seen in this place.
 G = Mean time per level.
                   A        B        C        D        E       F      G
               +--------+--------+--------+--------+--------+-----+--------+
         Total |  10409 |  10084 |    325 |   6525 |   1828 |   5 | 2081.8 |
       Dungeon |  10313 |   9988 |    325 |   6525 |   1762 |   4 | 2578.2 |
         Abyss |     96 |     96 |      0 |      0 |     66 |   1 |   96.0 |
               +--------+--------+--------+--------+--------+-----+--------+

Top non-repeatable levels by time:
     D:2: 3612 daAuts
     D:3: 2878 daAuts
     D:1: 1991 daAuts
     D:4: 1830 daAuts
 Abyss:1: 96 daAuts
